[ AOE2 MATCH · #505879634 ]
UnrankedIncas vs Burgundians
Player's team · WIN
[ REPLAY ANALYSIS · EXTRACTED FROM THE RECORDED GAME ]
Feudal
9:24
Castle
22:29
Imperial
40:26
| APM avg | 52.2 |
| APM peak | 101 |
| eAPM avg | 30.9 |
| Villagers / military | 161 / 92 |
Focus
⚔️ 46.7% · 🌾 53.3%
Unknown (2550) ×173 · Skirmisher ×50 · Archer ×26 · Monk ×10 · Trebuchet (Packed) ×6
Feudal
8:57
Castle
20:16
Imperial
41:27
| APM avg | 82.8 |
| APM peak | 151 |
| eAPM avg | 52.4 |
| Villagers / military | 165 / 145 |
Focus
⚔️ 55.4% · 🌾 44.6%
Hand Cannoneer ×72 · Knight ×29 · Archer ×25 · Skirmisher ×8 · Monk ×3 · Mangonel ×3
Match map
Initial resources + every placement click. Lines = walls · curves = elevation contours. ◆ gold · ⬟ stone · ● berries · ✦ relic · ◌ wall gap
Your base· Open — unwalled flank
Schrödinger's base· ✓ Closed at 20:16 · 39t walls · 2 gate(s)
Smoothed initial terrain · ◌ = detected wall gap · hover for details
Inputs per minute
— Roxola1285 - - Schrödinger
Build order — Roxola1285
First 150 of 633 actions detected
| 0:00 | Queue | Villager (Male) |
| 0:01 | Queue | Villager (Male) |
| 0:01 | Queue | Villager (Male) |
| 0:02 | Build | House |
| 0:46 | Queue | Villager (Male) |
| 1:22 | Queue | Villager (Male) |
| 1:45 | Build | Settlement |
| 1:57 | Queue | Villager (Male) |
| 2:19 | Queue | Villager (Male) |
| 2:53 | Queue | Villager (Male) |
| 2:53 | Queue | Villager (Male) |
| 2:54 | Queue | Villager (Male) |
| 3:28 | Queue | Villager (Male) |
| 4:04 | Build | Settlement |
| 4:07 | Queue | Villager (Male) |
| 4:21 | Queue | Villager (Male) |
| 4:40 | Queue | Villager (Male) |
| 5:07 | Queue | Villager (Male) |
| 5:20 | Queue | Villager (Male) |
| 5:32 | Research | Loom |
| 6:41 | Queue | Villager (Male) |
| 7:05 | Build | Barracks |
| 7:14 | Research | Feudal Age |
| 7:15 | Research | Feudal Age |
| 7:49 | Queue | Villager (Male) |
| 8:07 | Queue | Unit 2550 |
| 8:59 | Queue | Unit 2550 |
| 9:02 | Queue | Villager (Male) |
| 9:24 | Age | Feudal Age |
| 9:28 | Build | Archery Range |
| 9:38 | Queue | Unit 2550 |
| 9:39 | Research | Tech 1402 |
| 9:59 | Research | Double-Bit Axe |
| 10:03 | Build | House |
| 10:34 | Queue | Villager (Male) |
| 10:36 | Queue | Archer |
| 10:59 | Queue | Archer |
| 11:01 | Build | Farm |
| 11:01 | Queue | Villager (Male) |
| 11:04 | Build | Settlement |
| 11:23 | Queue | Villager (Male) |
| 11:30 | Build | Farm |
| 11:35 | Queue | Archer |
| 11:43 | Build | Farm |
| 11:48 | Queue | Villager (Male) |
| 11:48 | Queue | Villager (Male) |
| 12:07 | Queue | Archer |
| 12:10 | Build | Farm |
| 12:18 | Queue | Villager (Male) |
| 12:23 | Build | Farm |
| 12:38 | Build | Farm |
| 12:41 | Queue | Archer |
| 13:01 | Research | Arson |
| 13:13 | Queue | Villager (Male) |
| 13:15 | Build | Farm |
| 13:24 | Build | House |
| 13:27 | Build | Palisade Wall |
| 13:31 | Build | Palisade Wall |
| 13:36 | Build | Palisade Wall |
| 13:43 | Queue | Villager (Male) |
| 13:44 | Build | Farm |
| 13:46 | Build | Farm |
| 13:53 | Queue | Villager (Male) |
| 14:23 | Build | Blacksmith |
| 14:33 | Queue | Villager (Male) |
| 14:50 | Build | Watch Tower |
| 14:55 | Research | Fletching |
| 14:55 | Queue | Villager (Male) |
| 14:55 | Queue | Archer |
| 15:10 | Queue | Villager (Male) |
| 15:34 | Build | Watch Tower |
| 15:36 | Queue | Villager (Male) |
| 15:36 | Queue | Archer |
| 15:39 | Queue | Unit 2550 |
| 15:58 | Queue | Villager (Male) |
| 16:14 | Queue | Villager (Male) |
| 16:17 | Build | Farm |
| 16:20 | Build | Farm |
| 16:23 | Queue | Unit 2550 |
| 16:49 | Queue | Villager (Male) |
| 17:03 | Build | Watch Tower |
| 17:20 | Build | Watch Tower |
| 17:29 | Queue | Villager (Male) |
| 17:42 | Queue | Villager (Male) |
| 17:45 | Build | Market |
| 17:58 | Queue | Archer |
| 18:36 | Queue | Villager (Male) |
| 18:41 | Queue | Archer |
| 19:05 | Queue | Villager (Male) |
| 19:16 | Build | Settlement |
| 19:18 | Build | Farm |
| 19:20 | Build | Farm |
| 19:36 | Build | Watch Tower |
| 19:40 | Research | Horse Collar |
| 19:49 | Research | Castle Age |
| 19:50 | Research | Castle Age |
| 19:53 | Queue | Archer |
| 20:29 | Research | Gold Mining |
| 20:34 | Queue | Archer |
| 20:43 | Research | Stone Mining |
| 21:13 | Build | Archery Range |
| 21:17 | Queue | Archer |
| 21:21 | Research | Padded Archer Armor |
| 21:33 | Build | Farm |
| 22:13 | Queue | Archer |
| 22:16 | Queue | Villager (Male) |
| 22:29 | Age | Castle Age |
| 22:32 | Build | Palisade Wall |
| 22:37 | Research | Crossbowman (upgrade) |
| 22:37 | Research | Crossbowman (upgrade) |
| 22:37 | Research | Crossbowman (upgrade) |
| 22:37 | Research | Bodkin Arrow |
| 22:38 | Research | Bodkin Arrow |
| 22:49 | Queue | Archer |
| 22:56 | Build | Town Center |
| 23:00 | Queue | Villager (Male) |
| 23:05 | Build | House |
| 23:06 | Build | House |
| 23:14 | Build | Farm |
| 23:15 | Build | Farm |
| 23:21 | Queue | Archer |
| 23:21 | Queue | Archer |
| 23:22 | Queue | Villager (Male) |
| 23:28 | Queue | Archer |
| 23:34 | Build | Farm |
| 23:35 | Queue | Villager (Male) |
| 23:46 | Build | Palisade Wall |
| 23:51 | Queue | Archer |
| 23:59 | Queue | Villager (Male) |
| 24:00 | Queue | Villager (Male) |
| 24:03 | Queue | Villager (Male) |
| 24:04 | Queue | Villager (Male) |
| 24:11 | Build | House |
| 24:22 | Build | Monastery |
| 24:25 | Queue | Villager (Male) |
| 24:40 | Build | Farm |
| 24:46 | Queue | Monk |
| 24:48 | Queue | Villager (Male) |
| 25:03 | Queue | Archer |
| 25:03 | Queue | Archer |
| 25:05 | Build | Farm |
| 25:09 | Research | Bow Saw |
| 25:10 | Research | Bow Saw |
| 25:16 | Build | Palisade Wall |
| 25:24 | Build | Palisade Wall |
| 25:26 | Queue | Villager (Male) |
| 25:27 | Queue | Villager (Male) |
| 25:50 | Queue | Monk |
| 25:59 | Queue | Villager (Male) |
| 25:59 | Queue | Villager (Male) |
Build order — Schrödinger
First 150 of 492 actions detected
| 0:01 | Queue | Villager (Male) |
| 0:02 | Queue | Villager (Male) |
| 0:03 | Queue | Villager (Male) |
| 0:03 | Queue | Villager (Male) |
| 0:04 | Build | House |
| 0:05 | Build | House |
| 1:24 | Queue | Villager (Male) |
| 1:25 | Queue | Villager (Male) |
| 2:03 | Queue | Villager (Male) |
| 2:05 | Build | Lumber Camp |
| 2:24 | Queue | Villager (Male) |
| 2:41 | Research | Double-Bit Axe |
| 2:57 | Queue | Villager (Male) |
| 2:57 | Queue | Villager (Male) |
| 3:07 | Queue | Villager (Male) |
| 3:27 | Research | Double-Bit Axe |
| 3:28 | Research | Double-Bit Axe |
| 3:45 | Queue | Villager (Male) |
| 3:56 | Build | House |
| 3:57 | Build | House |
| 4:16 | Queue | Villager (Male) |
| 4:25 | Queue | Villager (Male) |
| 4:41 | Queue | Villager (Male) |
| 5:14 | Queue | Villager (Male) |
| 5:30 | Build | Mill |
| 5:55 | Queue | Villager (Male) |
| 6:17 | Research | Loom |
| 6:47 | Research | Feudal Age |
| 6:48 | Research | Feudal Age |
| 7:54 | Build | Barracks |
| 7:57 | Build | Barracks |
| 8:23 | Research | Horse Collar |
| 8:44 | Queue | Villager (Male) |
| 8:46 | Build | House |
| 8:57 | Age | Feudal Age |
| 8:58 | Research | Bow Saw |
| 8:58 | Research | Bow Saw |
| 9:01 | Build | Palisade Wall |
| 9:14 | Build | Palisade Wall |
| 9:27 | Queue | Villager (Male) |
| 9:45 | Queue | Villager (Male) |
| 9:49 | Build | Palisade Wall |
| 9:49 | Queue | Villager (Male) |
| 10:02 | Build | Palisade Wall |
| 10:06 | Build | Palisade Wall |
| 10:07 | Build | Palisade Wall |
| 10:09 | Build | Palisade Wall |
| 10:12 | Queue | Villager (Male) |
| 10:13 | Build | Palisade Wall |
| 10:19 | Queue | Villager (Male) |
| 10:23 | Build | Palisade Wall |
| 10:32 | Queue | Villager (Male) |
| 10:36 | Build | Palisade Wall |
| 10:43 | Build | Farm |
| 10:46 | Build | Archery Range |
| 10:48 | Build | Farm |
| 10:49 | Build | Farm |
| 10:58 | Build | Farm |
| 11:02 | Build | Palisade Wall |
| 11:11 | Queue | Flemish Militia |
| 11:16 | Build | House |
| 11:19 | Build | Farm |
| 11:22 | Build | House |
| 11:25 | Build | House |
| 11:30 | Build | Palisade Gate |
| 11:32 | Queue | Villager (Male) |
| 11:37 | Build | Farm |
| 11:40 | Build | Palisade Wall |
| 11:41 | Build | Palisade Wall |
| 11:46 | Build | House |
| 11:48 | Queue | Villager (Male) |
| 11:55 | Queue | Skirmisher |
| 12:02 | Build | Farm |
| 12:03 | Build | Farm |
| 12:13 | Queue | Skirmisher |
| 12:16 | Queue | Villager (Male) |
| 12:20 | Queue | Villager (Male) |
| 12:21 | Queue | Skirmisher |
| 12:33 | Build | Farm |
| 12:38 | Build | Farm |
| 12:47 | Queue | Villager (Male) |
| 12:54 | Queue | Skirmisher |
| 13:02 | Queue | Villager (Male) |
| 13:11 | Build | House |
| 13:14 | Build | Farm |
| 13:14 | Queue | Villager (Male) |
| 13:22 | Build | Farm |
| 13:31 | Queue | Villager (Male) |
| 13:35 | Build | House |
| 13:41 | Queue | Skirmisher |
| 13:41 | Queue | Villager (Male) |
| 13:44 | Build | Farm |
| 13:58 | Queue | Skirmisher |
| 13:59 | Queue | Villager (Male) |
| 14:16 | Build | Mining Camp |
| 14:33 | Queue | Villager (Male) |
| 14:50 | Build | Farm |
| 14:55 | Build | Farm |
| 14:58 | Build | House |
| 15:01 | Build | Stone Wall |
| 15:03 | Build | Stone Wall |
| 15:08 | Build | Stone Wall |
| 15:13 | Build | Gate |
| 15:19 | Queue | Villager (Male) |
| 15:22 | Build | House |
| 15:25 | Build | Stone Wall |
| 15:25 | Build | Stone Wall |
| 15:27 | Build | Stone Wall |
| 15:38 | Queue | Villager (Male) |
| 15:58 | Queue | Villager (Male) |
| 16:00 | Build | Blacksmith |
| 16:37 | Queue | Villager (Male) |
| 16:41 | Build | Market |
| 17:01 | Queue | Villager (Male) |
| 17:07 | Build | Stable |
| 17:36 | Research | Castle Age |
| 17:51 | Queue | Skirmisher |
| 18:02 | Build | Mill |
| 18:26 | Queue | Skirmisher |
| 18:53 | Queue | Villager (Male) |
| 18:58 | Build | Stable |
| 19:09 | Build | Lumber Camp |
| 19:16 | Research | Scale Barding Armor |
| 19:53 | Build | Watch Tower |
| 20:16 | Age | Castle Age |
| 20:20 | Build | Farm |
| 20:21 | Build | Farm |
| 20:23 | Queue | Villager (Male) |
| 20:24 | Queue | Knight |
| 20:27 | Queue | Knight |
| 20:28 | Build | Farm |
| 20:30 | Queue | Villager (Male) |
| 20:46 | Queue | Knight |
| 20:59 | Queue | Knight |
| 20:59 | Queue | Knight |
| 21:08 | Queue | Villager (Male) |
| 21:23 | Queue | Knight |
| 21:39 | Queue | Knight |
| 21:39 | Queue | Knight |
| 21:43 | Queue | Villager (Male) |
| 21:43 | Queue | Villager (Male) |
| 21:55 | Research | Cavalier (upgrade) |
| 22:05 | Build | Farm |
| 22:12 | Queue | Villager (Male) |
| 22:31 | Build | Palisade Wall |
| 22:31 | Build | Palisade Wall |
| 22:37 | Queue | Villager (Male) |
| 22:37 | Queue | Villager (Male) |
| 22:41 | Queue | Villager (Male) |
| 22:53 | Queue | Knight |
Match timeline
| 7:05 | Roxola1285 · first_building Barracks |
| 7:54 | Schrödinger · first_building Barracks |
| 8:57 | Schrödinger · age_up feudal |
| 9:01 | Schrödinger · wall_segment Palisade Wall x1 |
| 9:14 | Schrödinger · wall_segment Palisade Wall x7 |
| 9:24 | Roxola1285 · age_up feudal |
| 9:28 | Roxola1285 · first_building Archery Range |
| 9:49 | Schrödinger · wall_segment Palisade Wall x2 |
| 10:02 | Schrödinger · wall_segment Palisade Wall x7 |
| 10:06 | Schrödinger · wall_segment Palisade Wall x1 |
| 10:07 | Schrödinger · wall_segment Palisade Wall x1 |
| 10:09 | Schrödinger · wall_segment Palisade Wall x1 |
| 10:13 | Schrödinger · wall_segment Palisade Wall x4 |
| 10:23 | Schrödinger · wall_segment Palisade Wall x1 |
| 10:36 | Schrödinger · wall_segment Palisade Wall x3 |
| 10:46 | Schrödinger · first_building Archery Range |
| 11:02 | Schrödinger · wall_segment Palisade Wall x3 |
| 11:40 | Schrödinger · wall_segment Palisade Wall x2 |
| 11:41 | Schrödinger · wall_segment Palisade Wall x1 |
| 13:27 | Roxola1285 · wall_segment Palisade Wall x1 |
| 13:31 | Roxola1285 · wall_segment Palisade Wall x1 |
| 13:36 | Roxola1285 · wall_segment Palisade Wall x1 |
| 15:01 | Schrödinger · wall_segment Stone Wall x1 |
| 15:03 | Schrödinger · wall_segment Stone Wall x1 |
| 15:08 | Schrödinger · wall_segment Stone Wall x1 |
| 15:25 | Schrödinger · wall_segment Stone Wall x1 |
| 15:25 | Schrödinger · wall_segment Stone Wall x1 |
| 15:27 | Schrödinger · wall_segment Stone Wall x1 |
| 17:07 | Schrödinger · first_building Stable |
| 17:29 | Schrödinger · first_market_buy 100 food |
| 19:08 | Roxola1285 · first_market_sell 100 wood |
| 19:45 | Roxola1285 · first_market_buy 100 food |
| 20:16 | Schrödinger · age_up castle |
| 22:29 | Roxola1285 · age_up castle |
| 22:31 | Schrödinger · wall_segment Palisade Wall x1 |
| 22:31 | Schrödinger · wall_segment Palisade Wall x1 |
| 22:32 | Roxola1285 · wall_segment Palisade Wall x1 |
| 23:34 | Schrödinger · wall_segment Palisade Wall x1 |
| 23:34 | Schrödinger · wall_segment Palisade Wall x1 |
| 23:40 | Schrödinger · wall_segment Palisade Wall x1 |
| 23:46 | Roxola1285 · wall_segment Palisade Wall x10 |
| 24:22 | Roxola1285 · first_building Monastery |
| 25:16 | Roxola1285 · wall_segment Palisade Wall x1 |
| 25:24 | Roxola1285 · wall_segment Palisade Wall x19 |
| 25:54 | Schrödinger · first_market_sell 100 wood |
| 26:00 | Schrödinger · first_building Siege Workshop |
| 26:06 | Schrödinger · first_building Monastery |
| 30:11 | Roxola1285 · first_building Castle |
| 35:33 | Schrödinger · wall_segment Stone Wall x8 |
| 37:04 | Schrödinger · wall_segment Stone Wall x1 |
| 37:29 | Schrödinger · wall_segment Stone Wall x1 |
| 40:26 | Roxola1285 · age_up imperial |
| 41:09 | Schrödinger · first_building Castle |
| 41:27 | Schrödinger · age_up imperial |
| 42:51 | Schrödinger · wall_segment Palisade Wall x1 |
| 42:53 | Schrödinger · wall_segment Palisade Wall x1 |
| 42:56 | Schrödinger · wall_segment Palisade Wall x1 |
| 42:57 | Schrödinger · wall_segment Palisade Wall x1 |
| 48:44 | Schrödinger · resign |
[ AI ANALYSIS · 1 CREDIT ]
What really happened in this match?
Wolo.gg analyzes every decision: build order, eco, micro, common mistakes by bracket. Personalized analysis on WhatsApp or Discord in 30 seconds.
Civ guide
Incas
Perfil
Roxola1285